 Dungeon Crawl Stone Soup version 0.23.2-33-g5129a83184 (webtiles) character file.

Game seed: 14143861464095321402

37466 Jaz the Severer (level 13, -7/128 HPs)
             Began as a Hill Orc Berserker on June 27, 2019.
             Was a High Priest of Trog.
             Mangled by a catoblepas (12 damage)
             ... while petrified by you
             ... on level 5 of the Lair of Beasts.
             The game lasted 00:35:50 (19079 turns).

Jaz the Severer (Hill Orc Berserker)               Turns: 19079, Time: 00:35:51

Health: -7/128     AC: 17    Str: 28    XL:     13   Next: 96%
Magic:  13/13      EV:  2    Int:  7    God:    Trog [*****.]
Gold:   1303       SH:  0    Dex: 10    Spells: 12/12 levels left

rFire    + + .     SeeInvis .   x - +4 war axe (venom)
rCold    x . .     Gourm    .   N - +0 buckler
rNeg     + + +     Faith    .   r - +0 fire dragon scales
rPois    ∞         Spirit   .   (no helmet)
rElec    .         Reflect  .   (no cloak)
rCorr    .         Harm     .   Q - +2 pair of gloves {Str+3}
MR       +....                  k - +0 pair of boots
Stlth    ..........             f - amulet of the acrobat
HPRegen  0.31/turn              v - ring of protection from magic
MPRegen  0.13/turn              B - ring of poison resistance

@: lethally poisoned (-7 -> -7), petrified, berserk cooldown, slowed
A: no striking features
a: Berserk, Trog's Hand, Brothers in Arms, Renounce Religion


You were on level 5 of the Lair of Beasts.
You worshipped Trog.
Trog was extremely pleased with you.
You were very hungry.

You visited 2 branches of the dungeon, and saw 15 of its levels.

You collected 1303 gold pieces.

Inventory:

Hand Weapons
 e - a +0 antimagic battleaxe
 m - a +0 antimagic broad axe
 x - a +4 war axe of venom (weapon)
 F - a +1 trident of flaming
 S - a +3 scythe of flaming
Armour
 k - a +0 pair of boots (worn)
 r - +0 fire dragon scales (worn)
 N - a +0 buckler (worn)
 Q - a +2 pair of gloves of strength (worn)
 R - a +0 chain mail of cold resistance
Jewellery
 f - an amulet of the acrobat (around neck)
 o - an uncursed ring of protection from magic
 v - a ring of protection from magic (left hand)
 B - a ring of poison resistance (right hand)
 M - an uncursed amulet of regeneration
Wands
 s - a wand of enslavement (11)
 u - a wand of polymorph (17)
 y - a wand of digging (12)
 E - a wand of acid (9)
 G - a wand of random effects (23)
 P - a wand of iceblast (19)
Scrolls
 h - 4 scrolls of remove curse
 l - 6 scrolls of fear
 n - 4 scrolls of teleportation
 D - a scroll of fog
Potions
 b - 2 potions of mutation
 d - 3 potions of haste
 g - a potion of berserk rage
 i - a potion of magic {unknown}
 p - 2 potions of heal wounds
 q - a potion of agility {unknown}
 z - a potion of resistance {unknown}
 A - a potion of cancellation
 C - 4 potions of curing
 H - a potion of invisibility {unknown}
 I - 2 potions of lignification
 J - 2 potions of brilliance {unknown}
 K - a potion of ambrosia {unknown}
 L - a potion of flight {unknown}
 O - 2 potions of might
Miscellaneous
 t - a phantom mirror
Comestibles
 a - a chunk of flesh
 c - 29 rations


   Skills:
 + Level 16.1 Fighting
 + Level 16.1 Axes
 - Level 12.0 Armour
 - Level 5.0 Dodging
 - Level 8.0 Shields


You had 12 spell levels left.
You didn't know any spells.
Your spell library was empty.

Dungeon Overview and Level Annotations

Branches:
Dungeon (10/15)            Temple (0/1) D:5            Lair (5/6) D:10
  Swamp (0/4) Lair:4       Spider (0/4) Lair:3        Slime (0/5) Lair:5
    Orc (0/2) D:9

Altars:
Cheibriados
Dithmenos
Gozag
Okawaru
Vehumet
The Shining One

Shops:
D:5 *   D:10 :

Annotations:
D:5 2 runed translucent doors
Lair:5 3 runed translucent doors, Sonja; qeurul's ghost, journeyman GnSk


Message History

* * * LOW HITPOINT WARNING * * *
Sonja mumbles some strange words.
Sonja looks slightly unstable.
The catoblepas gores you!!
* * * LOW HITPOINT WARNING * * *
Sonja says, "I'm academy-trained, you know."
Sonja hits you but does no damage. x3; Sonja zaps a wand.
You easily resist.
The catoblepas gores you!!
* * * LOW HITPOINT WARNING * * *
You are no longer berserk.
You feel yourself slow down.
Sonja zaps a wand.
You easily resist.
The catoblepas gores you!
* * * LOW HITPOINT WARNING * * *
Sonja disappears!
The catoblepas gores you.
* * * LOW HITPOINT WARNING * * *
The catoblepas looks more healthy.
The catoblepas gores you but does no damage.
The catoblepas breathes a plume of calcifying dust at you.
The blast of calcifying dust hits you.
You are engulfed in calcifying dust.
The catoblepas gores you!!
You die...

..####........##.#......## #####.
.#.#.##......P....#......# #..
......#.........K......... #..
......##.................# ##.
.............#....##....## #..
.............#.#PP#...PPP#### #..
...............#..#.....P##.###..
.#P.#######............P..#.P..#.
....#.. #...§§@Y...............
....#W.. #........(..((.........
....+..(. #..........>...........
....+.... #......................
....+.(.. #......................
##P.#.. ##......#.P....§....... #
..#♣. ##P...........P§P#..## .##
#P...###.....#..#P.. . P..#..
##....#...


You could see a catoblepas and Sonja.

Vanquished Creatures
  Nessos (Lair:5)
  7 hydras
  A two-headed ogre (D:8)
  An alligator (Lair:4)
  A death yak (Lair:5)
  A manticore (Lair:4)
  An elephant (Lair:4)
  Joseph (D:9)
  5 black mambas
  A torpor snail (Lair:5)
  11 spiny frogs
  3 kobold demonologists (D:9)
  5 komodo dragons
  A queen bee (Lair:4)
  3 meliai (Lair:4)
  A hornet (D:9)
  15 blink frogs
  8 hippogriffs
  3 slime creatures (Lair:5)
  6 yaks
  3 redbacks (Lair:3)
  7 spriggans (Lair:1)
  2 wyverns (Lair:4)
  3 basilisks
  Eustachio (D:4)
  A steam dragon (Lair:3)
  Edmund (D:4)
  2 swamp worms (Lair:4)
  A soldier ant (D:9)
  13 water moccasins
  12 porcupines
  A sky beast (D:6)
  8 orc warriors
  4 ice beasts
  A black bear (D:8)
  4 ogres
  3 wolves (Lair:4)
  3 centaurs
  3 necrophages
  3 phantoms
  9 crocodiles
  2 big kobolds (D:9)
  12 bullfrogs
  3 scorpions
  37 killer bees
  6 howler monkeys
  6 crimson imps
  A centaur zombie (D:6)
  A hound (D:10)
  2 jellies
  7 orc priests
  A centaur skeleton (D:8)
  4 bullfrog skeletons
  10 orc wizards
  An iron imp (D:6)
  2 hell rats (Lair:4)
  9 worker ants
  A hound skeleton (D:10)
  4 gnolls (D:3)
  7 adders
  2 shadow imps
  2 worms
  5 dart slugs
  6 leopard geckos
  65 orcs
  3 ball pythons
  10 bats
  8 giant cockroaches
  13 goblins
  5 hobgoblins
  14 kobolds
  7 quokkas
  2 frilled lizards (D:2)
  A leopard gecko zombie (D:6)
  8 rats
  2 plants (D:10)
430 creatures vanquished.

Vanquished Creatures (collateral kills)
  2 hydras (Lair:4)
  The ghost of kalagan the Thaumaturge, a novice DEEE (D:7)
  An orc knight (D:7)
  A komodo dragon (Lair:4)
  A tyrant leech (Lair:4)
  A hippogriff (D:9)
  4 yaks (Lair:4)
  A bullfrog (Lair:4)
  A big kobold (D:7)
  A scorpion (D:9)
  3 orcs (D:9)
17 creatures vanquished.

Vanquished Creatures (others)
  3 fungi
  10 plants
13 creatures vanquished.

Grand Total: 460 creatures vanquished

Notes
Turn   | Place    | Note
-------+----------+-------------------------------------------
     0 | D:1      | Jaz the Hill Orc Berserker began the quest for the Orb.
     0 | D:1      | Reached XP level 1. HP: 19/19 MP: 1/1
    89 | D:1      | Reached XP level 2. HP: 23/26 MP: 2/2
   131 | D:1      | Reached skill level 5 in Axes
   436 | D:1      | Reached XP level 3. HP: 29/31 MP: 3/3
  1196 | D:2      | Reached XP level 4. HP: 39/39 MP: 4/4
  1213 | D:2      | Found an iron altar of Okawaru.
  1229 | D:2      | Reached ** piety under Trog
  1898 | D:3      | Reached XP level 5. HP: 41/45 MP: 5/5
  2029 | D:3      | Found a shadowy altar of Dithmenos.
  2783 | D:3      | Reached XP level 6. HP: 51/51 MP: 6/6
  3071 | D:4      | Noticed Edmund
  3077 | D:4      | Killed Edmund
  3077 | D:4      | Reached *** piety under Trog
  3418 | D:4      | Noticed Eustachio
  3427 | D:4      | Killed Eustachio
  3427 | D:4      | Reached skill level 10 in Axes
  3427 | D:4      | Reached XP level 7. HP: 56/57 MP: 7/7
  3434 | D:4      | Got an ichor-stained robe
  3436 | D:4      | Identified the +1 robe of the Garden {Dex+3} (You found it
                  | on level 4 of the Dungeon)
  3946 | D:5      | Entered Level 5 of the Dungeon
  3946 | D:5      | Found a staircase to the Ecumenical Temple.
  3948 | D:5      | Found Irghupt's Assorted Antiques.
  4035 | D:5      | Reached XP level 8. HP: 16/64 MP: 8/8
  4671 | D:5      | Found a runed translucent door.
  4672 | D:5      | Found a runed translucent door.
  4974 | D:6      | Reached skill level 5 in Fighting
  5307 | D:6      | Found Woyrat's Serpentskin Sales.
  5400 | D:6      | Found a snail-covered altar of Cheibriados.
  5551 | D:6      | Reached XP level 9. HP: 81/82 MP: 9/9
  6099 | D:7      | Reached skill level 10 in Fighting
  6277 | D:7      | Reached **** piety under Trog
  6623 | D:7      | Found a radiant altar of Vehumet.
  6921 | D:7      | Found a runed translucent gate.
  6921 | D:7      | Found a runed translucent gate.
  6921 | D:7      | Found a runed translucent gate.
  6923 | D:7      | Found an opulent altar of Gozag.
  6923 | D:7      | Noticed an orc knight
  7162 | D:7      | Noticed kalagan's ghost (novice DEEE)
  7173 | D:7      | Killed an orc knight
  7178 | D:7      | Killed kalagan's ghost
  7178 | D:7      | Reached XP level 10. HP: 100/100 MP: 10/10
  7332 | D:8      | Noticed a two-headed ogre
  7335 | D:8      | Killed a two-headed ogre
  7342 | D:8      | Reached skill level 5 in Armour
  8341 | D:9      | Found a staircase to the Orcish Mines.
  8377 | D:9      | HP: 4/101 [orc warrior/+0 glaive (7)]
  8632 | D:9      | Found a glowing golden altar of the Shining One.
  8672 | D:9      | Found an opulent altar of Gozag.
  8711 | D:9      | Noticed a kobold demonologist
  8712 | D:9      | Noticed a kobold demonologist
  8718 | D:9      | Killed a kobold demonologist
  8723 | D:9      | Killed a kobold demonologist
  8744 | D:9      | Noticed a kobold demonologist
  8747 | D:9      | Noticed a sixfirhy
  8747 | D:9      | Noticed Joseph
  8748 | D:9      | Noticed a rust devil
  8751 | D:9      | Noticed a sun demon
  8753 | D:9      | Killed a kobold demonologist
  8753 | D:9      | Reached XP level 11. HP: 61/107 MP: 11/11
  8765 | D:9      | Killed Joseph
  8849 | D:9      | Reached skill level 10 in Armour
  9388 | D:10     | Entered Level 10 of the Dungeon
  9408 | D:10     | Reached ***** piety under Trog
  9636 | D:10     | Found Nuqoam's Book Shoppe.
  9986 | D:10     | Found a staircase to the Lair.
 10451 | Lair:1   | Entered Level 1 of the Lair of Beasts
 10605 | Lair:1   | Noticed a six-headed hydra
 10616 | Lair:1   | Killed a six-headed hydra
 10766 | Lair:1   | Received a gift from Trog
 11117 | Lair:1   | Noticed a five-headed hydra
 11128 | Lair:1   | Killed a five-headed hydra
 11128 | Lair:1   | Reached skill level 15 in Axes
 11661 | Lair:1   | Reached XP level 12. HP: 96/114 MP: 12/12
 12123 | Lair:1   | Got a smoking leather armour
 12125 | Lair:1   | Identified the +2 leather armour of the Exiled Deaths
                  | {Int+9 Slay-5} (You found it on level 1 of the Lair of
                  | Beasts)
 12334 | Lair:2   | You fall through a shaft for 2 floors!
 12367 | Lair:4   | Reached skill level 1 in Shields
 12390 | Lair:4   | Noticed a seven-headed hydra
 12651 | Lair:4   | Noticed a seven-headed hydra
 12653 | Lair:4   | Noticed an eight-headed hydra
 12659 | Lair:4   | Killed a seven-headed hydra
 12664 | Lair:4   | Killed an eight-headed hydra
 12664 | Lair:4   | Reached skill level 5 in Shields
 12703 | Lair:4   | Noticed an alligator
 12712 | Lair:4   | Killed an alligator
 13038 | Lair:4   | Killed a seven-headed hydra
 13142 | Lair:3   | Found a hole to the Spider Nest.
 14068 | Lair:2   | Reached XP level 13. HP: 119/122 MP: 13/13
 15184 | Lair:3   | HP: 6/125 [poisoned by a black mamba]
 15189 | Lair:3   | HP: 5/125 [poisoned by a black mamba]
 15195 | Lair:3   | HP: 6/125 [poisoned by a black mamba]
 16447 | Lair:4   | Reached skill level 15 in Fighting
 17615 | Lair:4   | Found a staircase to the Swamp.
 18403 | Lair:5   | Noticed Nessos
 18422 | Lair:5   | Killed Nessos
 18423 | Lair:5   | Found a staircase to the Slime Pits.
 18440 | Lair:5   | Reached skill level 5 in Dodging
 18770 | Lair:5   | Found a runed translucent gate.
 18770 | Lair:5   | Found a runed translucent gate.
 18770 | Lair:5   | Found a runed translucent gate.
 18774 | Lair:5   | Noticed qeurul's ghost (journeyman GnSk)
 18802 | Lair:5   | Received a gift from Trog
 19044 | Lair:5   | Noticed Sonja
 19076 | Lair:5   | HP: 4/128 [catoblepas (3)]
 19079 | Lair:5   | Mangled by a catoblepas

Skill      XL: |  1  2  3  4  5  6  7  8  9 10 11 12 13 |
---------------+----------------------------------------+-----
Axes           | 5 6 7 8 10 12 15 16 | 16.1
Fighting       | 8 12 13 16 | 16.1
Armour         | 9 11 12 | 12.0
Shields        | 8 |  8.0
Dodging        | 5 |  5.0

Action                   |  1- 3 |  4- 6 |  7- 9 | 10-12 | 13-15 || total
-------------------------+-------+-------+-------+-------+-------++-------
Melee: Hand axe          |    96 |   140 |    54 |       |       ||   290
       War axe           |       |       |   130 |   510 |   279 ||   919
       Trident           |       |       |       |    18 |    31 ||    49
Invok: Berserk           |     1 |     3 |     3 |     5 |     5 ||    17
       Brothers in Arms  |       |       |     1 |     4 |     1 ||     6
  Use: Scroll            |     2 |       |     3 |    12 |     9 ||    26
       Potion            |       |       |     2 |     5 |       ||     7
 Stab: Distracted        |       |       |       |     1 |       ||     1
  Eat: Chunk             |     2 |     9 |     7 |    26 |    13 ||    57
       Ration            |       |       |     2 |     1 |     2 ||     5
Armor: Animal skin       |    12 |     6 |       |       |       ||    18
       Leather armour    |       |     5 |       |       |       ||     5
       Fire dragon scale |       |    14 |    53 |   198 |   152 ||   417
Dodge: Dodged            |    92 |    85 |    95 |   253 |   195 ||   720
Block: Buckler           |       |       |       |    62 |    64 ||   126
